 Dungeon Crawl Stone Soup version 0.26.0-10-g1f06aea511 (webtiles) character file.

Game seed: 96556366332895810

175 Borgoz the Ducker (level 5, -2/45 HPs)
             Began as a Ghoul Gladiator on Jan 30, 2021.
             Was an Initiate of Ashenzari.
             Slain by a gnoll (7 damage)
             ... on level 2 of the Dungeon.
             The game lasted 00:02:33 (2453 turns).

Borgoz the Ducker (Ghoul Gladiator)                 Turns: 2453, Time: 00:02:34

Health: -2/45      AC:  7    Str: 16 (18) XL:     5   Next: 55%
Magic:  4/4        EV: 12    Int:  2 (3)  God:    Ashenzari [......]
Gold:   82         SH:  0    Dex: 10 (11) Spells: 4/4 levels left

rFire    + . .     SeeInvis .   a - +0 long sword
rCold    + . .     Faith    .   (no shield)
rNeg     + + +     Spirit   .   o - +1 ring mail {rF+}
rPois    ∞         Reflect  .   c - +0 helmet
rElec    .         Harm     .   (no cloak)
rCorr    .         Rampage  .   (no gloves)
Will     .....                  (no boots)
Stlth    ..........             (no amulet)
HPRegen  0.00/turn              (no ring)
MPRegen  0.09/turn              (no ring)

@: flying
A: claws 1, cold resistance 1, negative energy resistance 3, inhibited
regeneration, torment resistance, unbreathing
a: Renounce Religion, Curse Item


You were on level 2 of the Dungeon.
You worshipped Ashenzari.
Ashenzari was noncommittal.
You visited 1 branch of the dungeon, and saw 3 of its levels.

You collected 82 gold pieces.

Inventory:

Hand Weapons
 a - a +0 long sword (weapon)
Armour
 c - a +0 helmet (worn)
 o - a +1 ring mail of fire resistance (worn)
Scrolls
 j - a scroll of remove curse
 k - 2 scrolls of magic mapping {unknown}
 l - 2 scrolls of identify {unknown}
 m - a scroll of fear {unknown}
Potions
 e - a potion of berserk rage {unknown}
 h - a potion of brilliance {unknown}
 i - 2 potions of flight
 n - a potion of ambrosia {unknown}


   Skills:
 + Level 3.1 Fighting
 * Level 3.8 Long Blades
 - Level 1.7 Throwing
 + Level 1.6 Armour
 * Level 3.8 Dodging


You had 4 spell levels left.
You didn't know any spells.
Your spell library was empty.

Dungeon Overview and Level Annotations

Branches:
Dungeon (3/15)

Altars:
Ashenzari


Innate Abilities, Weirdness & Mutations

You thrive by killing the living.
You are immune to poison.
You have sharp fingernails.
Your flesh is cold resistant. (rC+)
You are immune to negative energy. (rN+++)
You do not regenerate when monsters are visible.
You are immune to unholy pain and torment.
You can survive without breathing.


Message History

The gnoll hits you.
* * * LOW HITPOINT WARNING * * *
You feel better. The gnoll closely misses you. The gnoll completely misses you.
You riposte.
You closely miss the gnoll. You hit the gnoll.
The gnoll is severely wounded.
The gnoll hits you with a +0 halberd!
* * * LOW HITPOINT WARNING * * *
The gnoll closely misses you.
It was a potion of mutation.
You feel extremely strange.
Your body decomposes!
You feel dopey.
Your body decomposes!
You feel clumsy.
Your body decomposes!
You feel weakened.
Your body decomposes!
You feel weakened. The gnoll hits you!
You die...

##.###.............# #.......
#.......##########.# #..#...#
#....^...# #†# #_......
#........# #.###..#...#
#........# #...#.......
########.# ############
##########.# #.#
#..........#################.#
#............g@g.....(...†...#
#..........###)############..#
#..........# #.#######.......##
#.......)..# #.................
#..........#####.###.#.####...#
#.>...............<#.#.# ##...
#....................#)#####.##
#............(.....###†#.....##
#########..............#......#


You could see 2 gnolls.

Vanquished Creatures
  Terence (D:2)
  2 adders
  5 gnolls
  An ooze (D:3)
  3 worms
  8 orcs
  7 bats
  6 giant cockroaches
  6 goblins
  5 hobgoblins
  6 jackals
  A kobold (D:3)
  A quokka (D:2)
  6 frilled lizards
  7 rats
65 creatures vanquished.

Notes
Turn   | Place    | Note
-------+----------+-------------------------------------------
     0 | D:1      | Borgoz the Ghoul Gladiator began the quest for the Orb.
     0 | D:1      | Reached XP level 1. HP: 17/17 MP: 0/0
   210 | D:1      | Reached XP level 2. HP: 24/24 MP: 1/1
   524 | D:2      | Noticed Terence
   532 | D:2      | Reached XP level 3. HP: 30/30 MP: 2/2
   548 | D:2      | Killed Terence
   549 | D:2      | Reached skill level 1 in Armour
   856 | D:2      | Reached XP level 4. HP: 19/37 MP: 3/3
  1138 | D:2      | Found a broken altar of Ashenzari.
  1215 | D:2      | Became a worshipper of Ashenzari the Shackled
  1721 | D:3      | Reached XP level 5. HP: 35/44 MP: 4/4
  2448 | D:2      | HP: 2/45 [gnoll/+0 halberd (11)]
  2453 | D:2      | Slain by a gnoll

Illustrated notes

Levels and vault maps discovered:
D:1:      mrwooster_arrival_statue, layout_basic
D:2:      layout_basic, lemuel_coloured_pillars_altar, kennysheep_doodads,
          uniq_terence
D:3:      layout_loops_ring, chequers_temple_overflow_statue_of_worship,
          general_overflow_altar

Skill      XL: |  1  2  3  4  5 |
---------------+----------------+-----
Dodging        | 3 |  3.8
Long Blades    | 3 |  3.8
Armour         | 1 |  1.6
Fighting       | 3 |  3.1
Throwing       | |  1.7

Action                   |  1- 3 |  4- 6 || total
-------------------------+-------+-------++-------
Melee: Long sword        |    96 |   119 ||   215
Throw: Throwing net      |       |     5 ||     5
  Use: Potion            |       |     4 ||     4
 Stab: Held in net/web   |       |     1 ||     1
Armor: Leather armour    |    35 |    26 ||    61
       Ring mail         |       |     7 ||     7
Dodge: Dodged            |   107 |   112 ||   219
       Rpst.: Long sword |    33 |    29 ||    62
